 Dungeon Crawl Stone Soup version 0.24.0-13-gcf9b319 (webtiles) character file.

Game seed: 13023019217293677753, levelgen mode: deterministic

44 Bronimir the Ruffian (level 3, -4/28 HPs)
             Began as a Draconian Transmuter on Mar 16, 2020.
             Slain by a sky beast (6 damage)
             ... on level 2 of the Dungeon.
             The game lasted 00:02:24 (1274 turns).

Bronimir the Ruffian (Draconian Transmuter)         Turns: 1274, Time: 00:02:24

Health: -4/28      AC:  5    Str: 13    XL:     3   Next: 39%
Magic:  4/6        EV: 12    Int: 13    God:
Gold:   50         SH:  0    Dex: 11    Spells: 0/6 levels left

rFire    . . .     SeeInvis .     - Unarmed
rCold    . . .     Gourm    .   (no shield)
rNeg     . . .     Faith    .   (armour unavailable)
rPois    .         Spirit   .   (helmet restricted)
rElec    .         Reflect  .   (no cloak)
rCorr    .         Harm     .   (no gloves)
MR       .....                  (no boots)
Stlth    +.........             (no amulet)
HPRegen  0.09/turn              (no ring)
MPRegen  0.10/turn              (no ring)

@: very slightly contaminated
A: unfitting armour, cold-blooded, AC +5
a: no special abilities


You were on level 2 of the Dungeon.
You were hungry.

You visited 1 branch of the dungeon, and saw 2 of its levels.

You collected 50 gold pieces.

Inventory:

Missiles
 a - 12 arrows
 d - 22 stones
 i - 14 poisoned darts (quivered)
 k - 16 bolts
Scrolls
 f - a scroll of enchant weapon {unknown}
 g - 3 scrolls of immolation {unknown}
 h - a scroll of fear {unknown}
 j - a scroll of identify {unknown}
 l - a scroll of remove curse {unknown}
Potions
 b - a potion of curing {unknown}
 e - a potion of mutation {unknown}
Comestibles
 c - 4 rations


   Skills:
 + Level 1.1 Fighting
 * Level 2.4 Dodging
 * Level 3.8 Unarmed Combat
 + Level 2.0 Spellcasting
 * Level 2.3 Transmutations


You couldn't memorise any spells.
You knew the following spells:

 Your Spells              Type           Power        Failure   Level  Hunger
a - Beastly Appendage     Tmut           #.....       10%         1    ##.....
b - Sticks to Snakes      Tmut           #.......     14%         2    ###....
c - Spider Form           Tmut/Pois      #.........   43%         3    ####...

Your spell library contained the following spells:

 Spells                   Type           Power        Failure   Level  Hunger
 Ice Form                 Ice/Tmut       #.......     83%         4    #####..
 Blade Hands              Tmut           #.........   95%         5    ######.


Dungeon Overview and Level Annotations

Branches:
Dungeon (2/15)

Altars:


Innate Abilities, Weirdness & Mutations

Your plain brown scales are hard. (AC +5)
You cannot fit into any form of body armour.
You are cold-blooded and may be slowed by cold attacks.


Message History

The sky beast hits you but does no damage.
You hit the sky beast but do no damage.
The sky beast is almost dead.
The sky beast closely misses you.
You closely miss the sky beast.
Your tail-slap misses the sky beast.
The sky beast is almost dead.
The sky beast hits you but does no damage.
You closely miss the sky beast.
The sky beast is almost dead.
The sky beast hits you but does no damage.
You closely miss the sky beast.
Your tail-slap misses the sky beast.
The sky beast is almost dead.
The sky beast hits you. The sky beast shocks you.
* * * LOW HITPOINT WARNING * * *
You completely miss the sky beast.
The sky beast is almost dead.
The sky beast hits you.
* * * LOW HITPOINT WARNING * * *
The sky beast shocks you.
You die...

######### ##########
#.......# ###
#........# #.#####.#
#.. #<# #.##.#
#.###.#.## #.#
#.##.#.#.####........#
#.# #.#.#
#...@..<.......####.#
#..##
##.Y###.##....).)....
#.#.###..##
#.###.#..####.#
#....#...# #........#
#.# #####.####
#.###.##.# #.. #.#
#.....[..# ### #.#
####...### ## #..
#.....# ##. ###
#.......# #..


You could see a sky beast.

Vanquished Creatures
  An adder (D:2)
  A leopard gecko (D:1)
  3 bats (D:1)
  4 giant cockroaches
  7 hobgoblins
  3 kobolds
  A frilled lizard (D:1)
  6 goblins
  2 rats
28 creatures vanquished.

Notes
Turn   | Place    | Note
-------+----------+-------------------------------------------
     0 | D:1      | Bronimir the Draconian Transmuter began the quest for the
                  | Orb.
     0 | D:1      | Reached XP level 1. HP: 16/16 MP: 3/3
    74 | D:1      | Reached XP level 2. HP: 23/23 MP: 5/5
   794 | D:2      | Reached XP level 3. HP: 28/28 MP: 6/6
  1118 | D:2      | Learned a level 2 spell: Sticks to Snakes
  1122 | D:2      | Learned a level 3 spell: Spider Form
  1153 | D:2      | Noticed a sky beast
  1274 | D:2      | Slain by a sky beast

Levels and vault maps discovered:
D:1:      onia_arrival_larder, layout_basic
D:2:      layout_loops_corners, old_standard_altar, uniq_crazy_yiuf_cottage

Skill      XL: |  1  2 |
---------------+-------+-----
Dodging        | 2 |  2.4
Fighting       | |  1.1
Unarmed Combat | |  3.8
Spellcasting   | |  2.0
Transmutations | |  2.3

Action                   || total
-------------------------++-------
Melee: Unarmed           ||   101
       Tailslap          ||     6
       Kick              ||     3
       Punch             ||     1
       Headbutt          ||     2
 Cast: Beastly Appendage ||     8
 Stab: Sleeping          ||     2
  Eat: Chunk             ||     1
Armor: Skin              ||    44
Dodge: Dodged            ||    61
